 Dungeon Crawl Stone Soup version 0.28-a0-194-g42b4daccc1 (webtiles) character file.

Game seed: 7100808881877435032

75 tilp the Sneak (level 4, -1/19 HPs)
             Began as a Felid Hedge Wizard on Aug 18, 2021.
             Slain by a bullfrog (3 damage)
             ... in a sewer.
             The game lasted 00:11:25 (4517 turns).

tilp the Sneak (Felid Hedge Wizard)                 Turns: 4517, Time: 00:11:25

Health: -1/19      AC:  1    Str:  6    XL:     4   Next: 11%
Magic:  1/9        EV: 19    Int: 16    God:
Gold:   72         SH:  0    Dex: 18    Spells: 2/9 levels left
                                        Lives:  0   Deaths: 1

rFire   . . .      SeeInvis +     - Unarmed
rCold   . . .      Faith    .   (shield unavailable)
rNeg    . . .      Spirit   .   (armour unavailable)
rPois   .          Reflect  .   (helmet unavailable)
rElec   .          Harm     .   (cloak unavailable)
rCorr   .          Rampage  .   (gloves unavailable)
Will    .....                   (boots unavailable)
Stlth   +++.......              (no amulet)
HPRegen 0.06/turn               (no ring)
MPRegen 0.11/turn               (no ring)

@: quick
A: very small, claws 1, fangs 3, see invisible, speed 1, shaggy fur 1, stealthy
paws, no weapons or thrown items, no armour, multi-lived, agile 1
a: no special abilities


You were in a sewer.
You visited 1 branch of the dungeon, and saw 3 of its levels.
You also visited: Sewer.

You collected 98 gold pieces.
You spent 26 gold pieces at shops.

Inventory:

Scrolls
 a - 3 scrolls of fear {unknown}
 b - 3 scrolls of identify
 c - 2 scrolls of teleportation
Potions
 d - a potion of invisibility
 f - a potion of haste


   Skills:
 - Level 2.0 Fighting
 - Level 4.0 Dodging
 - Level 4.0 Stealth
 + Level 2.1 Unarmed Combat
 - Level 3.0 Spellcasting
 - Level 2.0 Conjurations
 - Level 1.0 Summonings
 - Level 1.5 Translocations


You had 2 spell levels left.
You knew the following spells:

 Your Spells              Type           Power      Damage    Failure   Level
a - Magic Dart            Conj           32%        1d4       9%          1
b - Blink                 Tloc           N/A        N/A       16%         2
c - Call Imp              Summ           5%         N/A       19%         2
d - Searing Ray           Conj           16%        3d3       12%         2

Your spell library contained the following spells:

 Spells                   Type           Power      Damage    Failure   Level
 Slow                     Hex            2%         N/A       28%         2
 Conjure Flame            Conj/Fire      5%         6-21      36%         3
 Mephitic Cloud           Conj/Pois/Air  4%         N/A       41%         3
 Fulminant Prism          Conj/Hex       2%         3d6       77%         4


Dungeon Overview and Level Annotations

Branches:
Dungeon (3/15)              Sewer (1/1)

Altars:

Shops:
D:1 *[


Innate Abilities, Weirdness & Mutations

You have sharp claws.
You have razor-sharp teeth.
You have supernaturally acute eyesight. (SInv)
You cover ground quickly. (Speed+)
You are covered in fur. (AC +1)
Your paws help you pounce on unaware monsters.
You are incapable of wielding weapons or throwing items.
You cannot wear armour.
You gain extra lives every three experience levels.
You are agile. (Dex +2)


Message History

Unknown command.
Casting: Searing Ray (safe; 12% risk of failure)
Confirm with . or Enter, or press ? or * to list all spells.
Restarting spell: Searing Ray (safe; 12% risk of failure)
Press: ? - help, Shift-Dir - straight line, f/p - bullfrog
Aim: a bullfrog (water, heavily wounded, 70% to hit)
The searing ray hits the bullfrog!
The bullfrog is almost dead.
The searing ray hits the bullfrog.
The bullfrog is lightly wounded. (Press . to maintain the ray.)
The bullfrog barely misses you. The bullfrog closely misses you.
Unknown command.
Casting: Searing Ray (safe; 12% risk of failure)
Confirm with . or Enter, or press ? or * to list all spells.
Restarting spell: Searing Ray (safe; 12% risk of failure)
Press: ? - help, Shift-Dir - straight line, f/p - bullfrog
Aim: a bullfrog (water, almost dead, 70% to hit)
The searing ray misses the bullfrog.
The searing ray hits the bullfrog!
The bullfrog is heavily wounded. (Press . to maintain the ray.)
The bullfrog closely misses you.
The bullfrog hits you but does no damage.
Unknown command.
Unknown command.
The bullfrog closely misses you.
The bullfrog hits you but does no damage.
The bullfrog hits you. The bullfrog completely misses you.
The bullfrog closely misses you. The bullfrog misses you.
The bullfrog barely misses you. x2; The bullfrog closely misses you.
Your magical contamination has completely faded away.
You see here a ball python corpse.
The bullfrog completely misses you. The bullfrog misses you.
The bullfrog hits you! The bullfrog hits you.
* * * LOW HITPOINT WARNING * * *
The ball python misses you. The ball python barely misses you.
The bullfrog hits you.
You die...

#####...# #..'....#
#..#....# ####...##
####################....#
###.#≈≈≈≈≈≈.≈≈≈≈≈≈≈≈#.....#
##...≈≈≈≈≈≈...≈≈≈≈≈≈≈≈.....#
#....≈≈≈≈≈≈...≈≈≈≈≈≈≈≈.....#
#....≈≈≈≈≈†SF@≈≈≈≈≈≈≈÷....##
##....≈≈≈≈≈≈.F.≈≈≈≈≈≈≈≈...##
#......≈≈≈≈≈#≈≈≈≈≈≈≈≈≈..###
#....####################
##...## #...##### #....'..#
#....#..# ##...####


You could see 2 bullfrogs and a ball python.

Vanquished Creatures
  3 adders
  6 river rats (Sewer)
  9 ball pythons
  2 endoplasms
  A giant cockroach (D:2)
  3 goblins
  A hobgoblin (D:1)
  A quokka (D:2)
  5 bats
  3 frilled lizards
  2 kobolds
  22 rats
58 creatures vanquished.

Vanquished Creatures (collateral kills)
  2 adders (D:2)
  2 river rats
  A ball python (D:3)
  A bat (D:3)
  2 jackals (D:1)
8 creatures vanquished.

Grand Total: 66 creatures vanquished

Notes
Turn   | Place    | Note
-------+----------+-------------------------------------------
     0 | D:1      | tilp the Felid Hedge Wizard began the quest for the Orb.
     0 | D:1      | Reached XP level 1. HP: 7/7 MP: 5/5
   186 | D:1      | Found Gaicoo Imma's Assorted Antiques.
   241 | D:1      | Reached skill level 1 in Unarmed Combat
   443 | D:1      | Found Hiad's Armour Boutique.
   548 | D:1      | Reached XP level 2. HP: 11/11 MP: 5/7
   570 | D:1      | Learned a level 2 spell: Blink
   573 | D:1      | Learned a level 2 spell: Call Imp
  1265 | D:2      | Reached skill level 1 in Conjurations
  1760 | D:2      | Reached XP level 3. HP: 14/14 MP: 4/8
  2155 | D:1      | Bought a scroll labelled IVOMOE HEWEEG for 26 gold pieces
  2214 | D:3      | Found a glowing drain.
  2295 | Sewer    | Entered a sewer
  2426 | Sewer    | Learned a level 2 spell: Searing Ray
  2830 | Sewer    | Reached XP level 4. HP: 18/18 MP: 6/9
  3739 | Sewer    | Reached skill level 1 in Fighting
  4055 | Sewer    | Reached XP level 5. HP: 14/22 MP: 1/10
  4500 | Sewer    | Gained mutation: You are agile. (Dex +2) [potion of
                  | mutation]
  4500 | Sewer    | HP: 1/22 [poisoned by an adder]
  4500 | Sewer    | Slain by a bullfrog
  4501 | Sewer    | Reached XP level 4. HP: 0/19 MP: 9/9
  4517 | Sewer    | Slain by a bullfrog

Illustrated notes

Levels and vault maps discovered:
D:1:      dpeg_arrival_three_smaller_balls, layout_rooms, serial_shops,
          shop_statue, nicolae_shop_behind_doors
D:2:      layout_basic
D:3:      layout_loops_cross, cheibrodos_sewer_entry_sluice, serial_shops,
          nicolae_shop_statue_plus
Sewer:    sewer_minmay_w

Skill      XL: |  1  2  3  4  5 |
---------------+----------------+-----
Unarmed Combat | 1 2 |  2.1
Conjurations   | 1 2 |  2.0
Stealth        | 3 4 |  4.0
Dodging        | 3 4 |  4.0
Fighting       | 1 2 |  2.0
Spellcasting   | |  3.0
Summonings     | |  1.0
Translocations | |  1.5

Action                   |  1- 3 |  4- 6 || total
-------------------------+-------+-------++-------
Melee: Unarmed           |    20 |    14 ||    34
 Cast: Magic Dart        |    74 |    44 ||   118
       Call Imp          |    11 |     2 ||    13
       Searing Ray       |     2 |    23 ||    25
       Blink             |     1 |       ||     1
  Use: Scroll            |     3 |       ||     3
       Potion            |       |     3 ||     3
 Stab: Sleeping          |     2 |       ||     2
Armor: Skin              |     1 |     7 ||     8
Dodge: Dodged            |    20 |    82 ||   102

Table legend: (Time is in decaauts)
 A = Elapsed time spent in this place.
 B = Non-inter-level travel time spent in this place.
 C = Inter-level travel time spent in this place.
 D = Time resting spent in this place.
 E = Time spent auto-exploring this place.
 F = Levels seen in this place.
 G = Mean time per level.
                   A        B        C        D        E       F      G
               +--------+--------+--------+--------+--------+-----+--------+
         Total |   4316 |   4119 |    197 |   2468 |    836 |   4 | 1079.0 |
       Dungeon |   2047 |   1850 |    197 |    816 |    740 |   3 |  682.3 |
         Sewer |   2268 |   2268 |      0 |   1652 |     95 |   1 | 2268.0 |
               +--------+--------+--------+--------+--------+-----+--------+

Top non-repeatable levels by time:
   Sewer: 2268 daAuts
     D:2: 1194 daAuts
     D:1: 750 daAuts
     D:3: 102 daAuts
